 Dungeon Crawl Stone Soup version 0.31.0-32-g396128a36d (webtiles) character file.

Game seed: 2823669527269684204

14 PriceMaster the Digger (level 2, -1/17 HPs)
             Began as an Octopode Earth Elementalist on Apr 23, 2024.
             Slain by a hobgoblin
             ... wielding a +0 long sword
              (3 damage)
             ... on level 2 of the Dungeon.
             The game lasted 00:00:34 (491 turns).

PriceMaster the Digger (Octopode Earth Elementalist) Turns: 491, Time: 00:00:35

Health: -1/17      AC:  1    Str:  7    XL:     2   Next: 45%
Magic:  1/5        EV: 13    Int: 17    God:
Gold:   33         SH:  0    Dex: 12    Spells: 4/5 levels left

rFire   . . .        (no weapon)
rCold   . . .        (no shield)
rNeg    . . .        (helmet restricted)
rPois   .            (no amulet)
rElec   .            (no ring)
rCorr   .            (no ring)
SInv    .            (no ring)
Will    .....        (no ring)
Stlth   +++          (no ring)
HPRegen 0.22/turn    (no ring)
MPRegen 0.09/turn    (no ring)
                     (no ring)

%: no passive effects
@: no status effects
A: almost no armour, amphibious, 8 rings, camouflage 1, gelatinous body 1,
(nimble swimmer 1), tentacles
a: no special abilities


You were on level 2 of the Dungeon.
You visited 1 branch of the dungeon, and saw 2 of its levels.

You collected 33 gold pieces.

Inventory:

Jewellery
 d - a ring of protection from cold
Scrolls
 b - a scroll of teleportation {unknown}
 c - a scroll of identify {unknown}
Potions
 a - a potion of magic


   Skills:
 * Level 0.1 Fighting
 * Level 2.2 Dodging
 * Level 2.6 Stealth
 * Level 2.3 Spellcasting
 * Level 1.0 Conjurations
 * Level 3.2 Earth Magic


You had 4 spell levels left.
You knew the following spells:

 Your Spells              Type           Power      Damage    Failure   Level
a - Sandblast             Erth           26%        2d8       4%          1

Your spell library contained the following spells:

 Spells                   Type           Power      Damage    Failure   Level
 Passwall                 Erth           13%        N/A       14%         3
 Stone Arrow              Conj/Erth      18%        3d8       24%         3
 Ensorcelled Hibernation  Hex/Ice        4%         N/A       28%         2
 Swiftness                Air            2%         N/A       50%         3
 Brom's Barrelling Bould  Conj/Erth      9%         2d3       61%         4
 Petrify                  Alch/Erth      7%         N/A       67%         4


Dungeon Overview and Level Annotations

Branches:
Dungeon (2/15)

Altars:


Innate Abilities, Weirdness & Mutations

You cannot wear most types of armour.
You are amphibious.
You can wear up to eight rings at the same time.
Your skin changes colour to match your surroundings (Stealth+).
Your rubbery body absorbs attacks. (AC +1, EV +1)
((You are camouflaged when in or above water. (Stealth+)))
You have tentacles for arms and can constrict up to eight enemies at once.


Message History

A giant cockroach is nearby!
The blast of sand hits the giant cockroach!
You kill the giant cockroach!
You can't see any susceptible monsters within range! (Use Z to cast anyway.)
Your magical contamination has completely faded away.
A hobgoblin comes into view. It is wielding a +0 long sword.
A hobgoblin is nearby!
A hobgoblin is nearby!
You can't see any susceptible monsters within range! (Use Z to cast anyway.)
You can't see any susceptible monsters within range! (Use Z to cast anyway.)
You can't see any susceptible monsters within range! (Use Z to cast anyway.)
You can't see any susceptible monsters within range! (Use Z to cast anyway.)
The hobgoblin shouts!
The blast of sand misses the hobgoblin.
A bat comes into view.
The blast of sand hits the hobgoblin but does no damage.
The hobgoblin hits you with a +0 long sword.
The hobgoblin barely misses you.
The blast of sand hits the hobgoblin.
The hobgoblin is severely wounded.
The hobgoblin hits you with a +0 long sword.
You are out of magic!
You are out of magic!
You are out of magic!
You are out of magic!
You closely miss the hobgoblin. Your grab misses the hobgoblin.
Your squeeze misses the hobgoblin.
The hobgoblin is severely wounded.
The hobgoblin misses you.
You tentacle-slap the hobgoblin but do no damage.
You grab the hobgoblin.
The hobgoblin is severely wounded.
You constrict the hobgoblin, but do no damage.
The hobgoblin hits you with a +0 long sword!
* * * LOW HITPOINT WARNING * * *
You tentacle-slap the hobgoblin but do no damage.
The hobgoblin is severely wounded.
You constrict the hobgoblin, but do no damage.
The hobgoblin hits you with a +0 long sword.
You die...

.###### .#####
......##......
.......†##########
#####.#.##........
#.#....#####..
#.#........#.#
#.#.##.....#b#
#.#.##.#...#g#
#.#.##.#...#@#
#.#.##.#.....#
..#.##.#.#<..#
...#†#.#.#.##
.#.#.....#..# .
.#.....#.†#
#.....#.....#
......#.###.#
##....#.# ..


You could see a hobgoblin and a bat.

Vanquished Creatures
  2 giant cockroaches (D:2)
  2 goblins (D:1)
  3 hobgoblins
  2 kobolds (D:1)
  A ball python (D:2)
  3 frilled lizards
13 creatures vanquished.

Notes
Turn   | Place    | Note
-------+----------+-------------------------------------------
     0 | D:1      | PriceMaster the Octopode Earth Elementalist began the quest
                  | for the Orb.
     0 | D:1      | Reached XP level 1. HP: 11/11 MP: 3/3
   112 | D:1      | Found a faded altar of an unknown god.
   164 | D:1      | Reached XP level 2. HP: 17/17 MP: 3/5
   334 | D:1      | You fall into a shaft and drop 1 floor!
   491 | D:2      | Slain by a hobgoblin

Illustrated notes

Levels and vault maps discovered:
D:1:      minmay_arrival_shattered_statue, layout_loops_corners,
          serial_aquarium, aquarium_bridge_square [aquarium_subvault_bridge,
          aquarium_subvault_wall, aquarium_subvault_wall,
          aquarium_subvault_wall], aquarium_window_3, aquarium_window_1,
          aquarium_window_fake, aquarium_view_4, aquarium_view_2b,
          aquarium_balcony_3a, aquarium_pool_five,
          hellmonk_ecumenical_altar_zigzags, serial_shops, shop
D:2:      layout_basic, minmay_surrounded, uniq_crazy_yiuf_cottage

Action                     || total
---------------------------++-------
  Melee: Unarmed           ||     4
         Constrict         ||     1
   Cast: Sandblast         ||    22
 Armour: Skin              ||     4
  Dodge: Dodged            ||     8
